 Dungeon Crawl Stone Soup version 0.27.1-33-g824d729ab1 (webtiles) character file.

Game seed: 13304350138201078282

289 zeram the Slinger (level 6, 0/30 HPs)
             Began as a Spriggan Hunter on Dec 16, 2021.
             Slain by a kobold brigand (8 damage)
             ... on level 3 of the Dungeon.
             The game lasted 00:06:11 (3652 turns).

zeram the Slinger (Spriggan Hunter)                 Turns: 3652, Time: 00:06:11

Health: 0/30       AC:  2    Str:  8    XL:     6   Next: 9%
Magic:  7/7        EV: 18    Int: 14    God:
Gold:   123        SH:  0    Dex: 16    Spells: 4/5 levels left

rFire    . . .     SeeInvis +   f - +1 dagger (venom)
rCold    . . .     Faith    .   (shield restricted)
rNeg     . . .     Spirit   .   c - +0 robe
rPois    .         Reflect  .   (helmet restricted)
rElec    .         Harm     .   (no cloak)
rCorr    .         Rampage  .   (gloves unavailable)
Will     +....                  (boots unavailable)
Stlth    ++........             (no amulet)
HPRegen  0.10/turn              (no ring)
MPRegen  0.10/turn              (no ring)

@: very quick
A: very small, no large weapons, unfitting armour, see invisible, speed 3
a: no special abilities


You were on level 3 of the Dungeon.
You visited 1 branch of the dungeon, and saw 3 of its levels.
You also visited: Sewer.

You collected 123 gold pieces.

Inventory:

Hand Weapons
 a - a +2 hunting sling
 b - a +0 short sword
 f - a +1 dagger of venom (weapon)
Missiles
 j - 7 sling bullets
 k - a stone (quivered)
Armour
 c - a +0 robe (worn)
 h - a +0 cloak
Jewellery
 m - a ring of magical power
Wands
 d - a wand of digging (1)
Potions
 e - 4 potions of curing
 g - a potion of degeneration {unknown}
 i - a potion of ambrosia {unknown}
 l - 2 potions of flight


   Skills:
 - Level 1.5 Fighting
 + Level 8.7 Slings
 + Level 3.3 Dodging
 - Level 1.5 Stealth


You had 4 spell levels left.
You knew the following spells:

 Your Spells              Type           Power      Damage    Failure   Level
a - Foxfire               Conj/Fire      0%         2x1d4     28%         1

Your spell library contained the following spells:

 Spells                   Type           Power      Damage    Failure   Level


Dungeon Overview and Level Annotations

Branches:
Dungeon (3/15)              Sewer (visited)

Altars:
Fedhas
Kikubaaqudgha


Innate Abilities, Weirdness & Mutations

You are very small and have problems with some larger weapons.
You are too small for most types of armour.
You have supernaturally acute eyesight. (SInv)
You cover ground extremely quickly. (Speed+++)


Message History

Your +1 dagger of venom begins to drip with poison!
f - a +1 dagger of venom (weapon)
You closely miss the rat.
The rat splashes around in the water.
You hit the rat.
You kill the rat!
You see here a rat corpse.
You start resting.
A kobold brigand is nearby!
You are too injured to fight recklessly!
You hit the kobold brigand.
The kobold brigand is poisoned.
The kobold brigand is lightly wounded.
The kobold brigand completely misses you.
Your unstable footing causes you to fumble your attack.
The kobold brigand barely misses you.
Your unstable footing causes you to fumble your attack.
The kobold brigand shouts!
You hear a shout!
The kobold brigand hits you with a +0 club!
* * * LOW HITPOINT WARNING * * *
Unknown command.
The kobold brigand hits you with a +0 club.
* * * LOW HITPOINT WARNING * * *
You feel better.
The kobold brigand completely misses you.
You miss the kobold brigand.
The kobold brigand is moderately wounded.
The kobold brigand misses you.
You hit the kobold brigand.
The kobold brigand is heavily wounded.
The kobold brigand completely misses you.
You barely miss the kobold brigand.
The kobold brigand is heavily wounded.
The kobold brigand barely misses you.
You closely miss the kobold brigand.
The kobold brigand is heavily wounded.
The kobold brigand hits you with a +0 club.
* * * LOW HITPOINT WARNING * * *
You miss the kobold brigand.
The kobold brigand is heavily wounded.
The kobold brigand hits you with a +0 club!
You die...

...........# #..........#
#.#.#.#.#..###..........##
............+............
#.#.#.#.#..###......K...##
$..........# #..........#
#.#.#.#.#..# #..........#
...........# ########...##
#.#.#.#.#############...##
........K@..........'...+.
#####≈≈≈≈≈###########...##
#≈≈≈≈≈≈≈†### ###########
###≈≈≈≈≈≈≈≈###..).)###..
###≈######.K)).K).....
###(...(..#####.....
.((.....###≈≈≈###### ..
#.(.##### ≈≈≈≈≈≈≈ # #..$.
## ≈≈≈≈≈≈≈≈# #


You could see a kobold brigand (very poisoned).

Vanquished Creatures
  A kobold brigand (Sewer)
  Crazy Yiuf (D:2)
  Ijyb (D:3)
  4 gnolls (D:2)
  5 adders (D:3)
  3 river rats (Sewer)
  2 orcs (D:3)
  A bat (D:2)
  3 endoplasms
  7 hobgoblins
  A jackal (Sewer)
  3 quokkas
  2 ball pythons
  5 frilled lizards
  5 goblins
  13 kobolds
  5 rats
62 creatures vanquished.

Vanquished Creatures (others)
  A plant (D:1)
1 creature vanquished.

Grand Total: 63 creatures vanquished

Notes
Turn   | Place    | Note
-------+----------+-------------------------------------------
     0 | D:1      | zeram the Spriggan Hunter began the quest for the Orb.
     0 | D:1      | Reached XP level 1. HP: 10/10 MP: 2/2
   139 | D:1      | Reached skill level 5 in Slings
   356 | D:1      | Reached XP level 2. HP: 14/14 MP: 3/3
   490 | D:1      | Found a faded altar of an unknown god.
   499 | D:1      | Got Plato's Incunabulum of Attacks
  1267 | D:2      | Reached skill level 6 in Slings
  1267 | D:2      | Reached XP level 3. HP: 18/18 MP: 4/4
  1638 | D:2      | Found a runed translucent door.
  1639 | D:2      | Noticed Crazy Yiuf
  1685 | D:2      | Killed Crazy Yiuf
  1686 | D:2      | Reached skill level 7 in Slings
  1686 | D:2      | Reached XP level 4. HP: 17/22 MP: 5/5
  1906 | D:3      | Noticed Ijyb
  1935 | D:3      | Killed Ijyb
  2184 | D:3      | Reached XP level 5. HP: 25/25 MP: 6/6
  2494 | D:3      | Found a glowing drain.
  2503 | Sewer    | Entered a sewer
  2528 | Sewer    | Reached skill level 8 in Slings
  3142 | Sewer    | Found a white marble altar of Elyvilon.
  3318 | D:3      | Reached XP level 6. HP: 27/30 MP: 7/7
  3320 | D:3      | Learned a level 1 spell: Foxfire
  3356 | D:3      | Found an ancient bone altar of Kikubaaqudgha.
  3359 | D:3      | Found a blossoming altar of Fedhas.
  3652 | D:3      | Slain by a kobold brigand

Illustrated notes

Levels and vault maps discovered:
D:1:      dpeg_arrival_concentric_ovals, layout_basic, serial_forest,
          infiniplex_forest_clump_large, infiniplex_forest_lined_2,
          infiniplex_forest_clump_curved, infiniplex_forest_lined_4_way,
          infiniplex_forest_lined_corner, infiniplex_forest_straight_2,
          shapermc_ecumenical_altar_rom_forum, minmay_pentomino_v2
D:2:      layout_rooms, uniq_crazy_yiuf_cottage
D:3:      cheibrodos_thug_alley, layout_basic, minitemple,
          grunt_temple_overflow_growth_and_decay, portal_sewer_entry_d,
          hex_large, minmay_door_square, st_stairs_12, uniq_ijyb

Skill      XL: |  1  2  3  4  5 |
---------------+----------------+-----
Slings         | 5 6 7 8 |  8.7
Dodging        | 3 |  3.3
Fighting       | |  1.5
Stealth        | |  1.5

Action                   |  1- 3 |  4- 6 || total
-------------------------+-------+-------++-------
Melee: Dagger            |     4 |    25 ||    29
 Fire: Hunting sling     |    77 |   123 ||   200
  Use: Scroll            |     5 |       ||     5
       Potion            |     2 |     2 ||     4
Armor: Robe              |       |     1 ||     1
Dodge: Dodged            |    15 |    46 ||    61
